[Event "*** Titled Tuesday Blitz"]
[Site "Chess.com"]
[Date "2021.03.30"]
[Round "5"]
[White "GMKrikor"]
[Black "Mamedyarov_twitch"]
[Result "1-0"]
[WhiteElo "2843"]
[BlackElo "2938"]
[TimeControl "180+1"]
[EndTime "10:56:01 PDT"]
[Termination "GMKrikor won by resignation"]

1. e4 c5 2. Nf3 e6 3. d4 cxd4 4. Nxd4 Nf6 5. Nc3 Nc6 6. Ndb5 Bb4 7. a3 Bxc3+ 8. Nxc3 d5 9. exd5 exd5 10. Bd3 O-O 11. O-O d4 12. Ne2 Re8 13. Bg5 h6 14. Bh4 Qd6 15. Bg3 Qd5 16. Qd2 Ne4 17. Bxe4 Qxe4 18. Rfe1 Bf5 19. Rac1 Qd5 20. c4 Qd7 21. b4 d3 22. Nf4 Nd4 23. Rcd1 Rxe1+ 24. Rxe1 Nc2 25. Rc1 Nxa3 26. h3 Rc8 27. c5 Nc2 28. Kh2 Rd8 29.
Rd1 Qa4 30. Qc3 Qxb4 31. Qe5 Qe4 32. Qc7 Rd7 33. Qb8+ Kh7 34. Qxa7 h5 35. h4 d2 36. Qa5 Qe1 37. c6 Qxd1 38. Qxf5+ Kg8 39. cxd7 Qh1+ 40. Kxh1 d1=Q+ 41. Kh2 Ne1 42. Qd5 1-0

[Event "*** Titled Tuesday Blitz"]
[Site "Chess.com"]
[Date "2021.03.30"]
[Round "5"]
[White "Lyschko"]
[Black "anasta10"]
[Result "0-1"]
[WhiteElo "2243"]
[BlackElo "2490"]
[TimeControl "180+1"]
[EndTime "10:56:01 PDT"]
[Termination "anasta10 won on time"]

1. c4 e6 2. e4 d5 3. exd5 exd5 4. cxd5 Nf6 5. Bb5+ Bd7 6. Bc4 Bd6 7. Qe2+ Be7 8. Nf3 O-O 9. O-O Re8 10. d3 a5 11. Nc3 Na6 12. Bg5 h6 13. Bh4 Nxd5 14.
Bxe7 Rxe7 15. Qd2 Nxc3 16. bxc3 Nc5 17. Rfe1 Be6 18. Bxe6 Nxe6 19. d4 c6 20. Ne5 Qd5 21.
Re3 Ng5 22. Rae1 Rae8 23. h4 Nh7 24. c4 Qd8 25. Qd3 Nf6 26. g3 c5 27. d5 b5 28. d6 Re6 29. d7 R8e7 30. Nc6 Rxe3 31. Rxe3 Rxe3 32. Qxe3 Qxd7 33. Qxc5 bxc4 34. Qxc4 Qd1+ 35.
Kg2 Qd6 36. Nd4 g6 37. Nf3 Kg7 38. Nd4 Qd5+ 39. Qxd5 Nxd5 40. Nc6 a4 41. Kf3 Nc3 42. a3 Nb5 0-1

[Event "*** Titled Tuesday Blitz"]
[Site "Chess.com"]
[Date "2021.03.30"]
[Round "5"]
[White "vugarrasulov"]
[Black "DeTimmerman"]
[Result "1-0"]
[WhiteElo "2875"]
[BlackElo "2737"]
[TimeControl "180+1"]
[EndTime "10:56:03 PDT"]
[Termination "vugarrasulov won by resignation"]

1. e4 e5 2. Nf3 Nc6 3. Bb5 f5 4. d3 fxe4 5. dxe4 Nf6 6. O-O d6 7. Nc3 Be7 8. Ng5 h6 9. Nf3 O-O 10. Nh4 Qe8 11. Nf5 Bd8 12. Be3 Qg6 13. Bd3 Ng4 14. Bd2 Nd4 15. h3 Nf6 16. Nxd4 exd4 17.
e5 Bf5 18. Bxf5 Qxf5 19. exf6 dxc3 20. fxg7 Kxg7 21. Bxc3+ Bf6 22. Qd2 Rae8 23. Rae1 Kh7 24. Bxf6 Qxf6 25. Qd3+ Kg7 26. c3 Rxe1 27. Qg3+ Qg6 28.
Qxg6+ Kxg6 29. Rxe1 Kf6 30. f4 h5 31. Kf2 h4 32. g4 hxg3+ 33. Kxg3 Rg8+ 34. Kf3 Rh8 35. Rh1 d5 36. h4 Kg6 37. Kg4 Rg8 38. h5+ Kh6+ 39.
Kf3 c5 40. Re1 Rd8 41. Re5 d4 42. cxd4 cxd4 43. Ke2 d3+ 44. Kd2 Rd4 45. Re7 Rb4 46.
b3 Kxh5 47. Kxd3 Kg4 48. Rf7 a5 49. Kc3 Rb6 50. Kc4 Rb4+ 51. Kd3 a4 52. Kc3 Re4 53. Rxb7 axb3 54. axb3 Re8 55. Rf7 Rc8+ 56. Kb2 Kf3 57. b4 Ke4 58. Kb3 Kd5 59. Rf5+ Ke6 60. Rc5 Rf8 61. f5+ Kd6 62. Kc4 Rh8 63. Rd5+ Kc6 64.
b5+ Kb6 65. Rd6+ Kb7 66. f6 Rh1 67. Kd5 Rf1 68. Ke6 Kc7 69. b6+ Kb7 70. f7 Rf2 71. Ke7 1-0

[Event "*** Titled Tuesday Blitz"]
[Site "Chess.com"]
[Date "2021.03.30"]
[Round "5"]
[White "WPWPWP-2015"]
[Black "KeithArkell"]
[Result "1-0"]
[WhiteElo "2465"]
[BlackElo "2601"]
[TimeControl "180+1"]
[EndTime "10:56:04 PDT"]
[Termination "WPWPWP-2015 won on time"]

1. d4 e6 2. e4 d5 3. Nc3 dxe4 4. Nxe4 Bd7 5. Nf3 Bc6 6. Bd3 Nd7 7. O-O Ngf6 8.
Ned2 Bxf3 9. Nxf3 c6 10. c4 Be7 11. b3 O-O 12. Bb2 Qa5 13. a3 Qh5 14. Re1 Rad8 15. h3 Bd6 16. Bc2 Bc7 17. Qe2 Rfe8 18. Ne5 Qxe2 19.
Rxe2 Nxe5 20. dxe5 Nd7 21. b4 Nb6 22. Re4 Rd2 23. Rc1 Red8 24. Bc3 R2d7 25. Kf1 Nc8 26. a4 a5 27. bxa5 Ne7 28. Rb1 Bb8 29. f4 h5 30. g4 Ba7 31. Ke2 g6 32. Rd1 Rxd1 33.
Bxd1 hxg4 34. hxg4 Bc5 35. Bc2 Kg7 36. Kf3 Rh8 37. Kg3 Rh1 38. Re1 Rxe1 39. Bxe1 Bd4 40. Kf3 g5 41. Ke4 c5 42. f5 Nc6 43. Bd2 Nxe5 44.
Bxg5 Nxg4 45. fxe6 fxe6 46. Kf4 Ne5 47. Be4 1-0

[Event "*** Titled Tuesday Blitz"]
[Site "Chess.com"]
[Date "2021.03.30"]
[Round "5"]
[White "youngKID"]
[Black "Escanor89"]
[Result "1/2-1/2"]
[WhiteElo "2741"]
[BlackElo "2572"]
[TimeControl "180+1"]
[EndTime "10:56:06 PDT"]
[Termination "Game drawn by repetition"]

1. e4 c5 2. Nf3 d6 3. Bb5+ Nd7 4. O-O a6 5. Bd3 Ngf6 6. Re1 e6 7. c3 b5 8. Bc2 c4 9. d4 cxd3 10. Bxd3 Be7 11. a4 bxa4 12. Qxa4 O-O 13. Be3 Bb7 14. Nbd2 Qc7 15. Nb3 Ng4 16. Bf4 Nc5 17. Nxc5 Qxc5 18.
Re2 Rfd8 19. h3 Ne5 20. Nxe5 dxe5 21. Be3 Qc6 22. Bc2 Qb5 23. Ree1 Bc6 24. Qxb5 axb5 25. b4 g6 26. f3 f5 27. Bb6 Rxa1 28. Rxa1 Rd7 29. Be3 Kf7 30. Ra6 Rc7 31. Bb3 Bd7 32. Bd2 h6 33. Kf2 Bg5 34. Ke2 Bf4 35. Bxf4 exf4 36.
e5 Rxc3 37. Ra3 Ke7 38. Kd2 Rc8 39. Ra7 Rd8 40. Kd3 Rc8 41. Kd4 Rc1 42. Rb7 Kd8 43.
Rb6 Ke7 44. Rb7 Kd8 45. Rb6 Ke7 46. Rb7 1/2-1/2

[Event "*** Titled Tuesday Blitz"]
[Site "Chess.com"]
[Date "2021.03.30"]
[Round "5"]
[White "GigaQuparadze"]
[Black "Alexsur1981"]
[Result "1/2-1/2"]
[WhiteElo "2879"]
[BlackElo "2869"]
[TimeControl "180+1"]
[EndTime "10:56:07 PDT"]
[Termination "Game drawn - insufficient material"]

1. e4 c5 2. Nf3 e6 3. d4 cxd4 4. Nxd4 Nf6 5. Nc3 Nc6 6. Nxc6 bxc6 7. e5 Nd5 8. Ne4 Qc7 9. f4 Rb8 10. c4 Bb4+ 11. Ke2 O-O 12. cxd5 cxd5 13. Nf2 f6 14. Nd3 fxe5 15. g3 Ba6 16. Kf2 Bxd3 17. Bxd3 e4 18. Be2 d4 19. Kg2 Bc5 20. b3 Qd6 21. Bb2 e5 22.
Bc4+ Kh8 23. fxe5 Qxe5 24. Qg4 d5 25. Be2 Qe7 26. Rac1 Bb6 27. Rhf1 d3 28. Rxf8+ Rxf8 29. Rc8 Bd8 30. Bf1 Qf7 31. Qf4 Qxf4 32. gxf4 Kg8 33. Be5 Bf6 34. Rc5 Bxe5 35. fxe5 d2 36. Rxd5 e3 37.
Bc4 Rf2+ 38. Kg3 Kf8 39. Rd7 e2 40. Bxe2 Rxe2 41. h4 Rxe5 42. Rxd2 Ke7 43. Rc2 a5 44. Rc7+ Kf6 45. Ra7 h5 46. Kf4 Rf5+ 47. Ke4 Rb5 48. Ra6+ Kf7 49. Kf3 g5 50. hxg5 Rxg5 51. Kf4 Rb5 52.
Kg3 Ke7 53. Kh4 Kd7 54. a4 Rxb3 55. Rxa5 Kc6 56. Kxh5 Kb6 57. Rb5+ Rxb5+ 58. axb5 Kxb5 1/2-1/2

[Event "*** Titled Tuesday Blitz"]
[Site "Chess.com"]
[Date "2021.03.30"]
[Round "5"]
[White "vlad_Sid"]
[Black "Volodar_Murzin"]
[Result "0-1"]
[WhiteElo "2569"]
[BlackElo "2763"]
[TimeControl "180+1"]
[EndTime "10:56:07 PDT"]
[Termination "Volodar_Murzin won by resignation"]

1. c4 Nf6 2. g3 g6 3. Bg2 Bg7 4. Nc3 O-O 5. Nf3 d6 6. O-O e5 7. Rb1 Nc6 8. b4 Be6 9. d3 h6 10. b5 Ne7 11. Nd2 Qc8 12. Re1 Nh7 13. a4 f5 14. Nd5 Nxd5 15. cxd5 Bf7 16. Qc2 Qd7 17. Ba3 Rac8 18. Rec1 h5 19. Rb4 Nf6 20. e4 Rfe8 21.
Nc4 Bh6 22. Re1 f4 23. Bc1 g5 24. h3 Kh8 25. Nd2 c6 26. bxc6 bxc6 27. dxc6 Rxc6 28. Qb1 Rec8 29. Rb7 Rxc1 30. Rxd7 Rxb1 31. Rxb1 Nxd7 32. Rb7 Be6 33. Rxa7 g4 34. hxg4 fxg3 35. Nc4 hxg4 36. fxg3 Bxc4 37. Rxd7 Bxd3 38. Rxd6 Be3+ 39. Kh2 Bd4 40. Rg6 Be2 41. a5 Rc2 42. a6 Bf3 43. Kh1 Bxg2+ 0-1

[Event "*** Titled Tuesday Blitz"]
[Site "Chess.com"]
[Date "2021.03.30"]
[Round "5"]
[White "Mops_2004"]
[Black "NoGuru"]
[Result "1-0"]
[WhiteElo "2513"]
[BlackElo "2337"]
[TimeControl "180+1"]
[EndTime "10:56:07 PDT"]
[Termination "Mops_2004 won on time"]

1. Nf3 d5 2. g3 Nf6 3. Bg2 e6 4. O-O Be7 5. c4 O-O 6. d4 dxc4 7. Na3 Bxa3 8. bxa3 Nc6 9. a4 Rb8 10. Ba3 Re8 11. Rc1 e5 12. dxe5 Ng4 13. Qxd8 Rxd8 14.
Rxc4 Be6 15. Rc2 Rd7 16. Rfc1 Rc8 17. h3 Ngxe5 18. Nxe5 Nxe5 19. Bxb7 Rb8 20. Bg2 h6 21. f4 Ng6 22. e4 f5 23. exf5 Bxf5 24. Rxc7 Rxc7 25.
Rxc7 Rb1+ 26. Rc1 Rxc1+ 27. Bxc1 Be6 28. a3 a6 29. Bf1 Ne7 30. g4 Bb3 31. a5 Nc6 32. Bd2 Nb8 33. Kf2 Kf7 34. Ke3 Ke6 35. Kd4 Bd5 36. Kc5 Nd7+ 37. Kd4 Bb7 38. Bb4 Nf6 39. f5+ Kd7 40. Bd3 Ne8 41. Ke5 Bc8 42. Bc4 Kc6 43. a4 Bd7 44. Bf8 Kc7 45. Bxa6 Bxa4 46. Bc4 Kd7 47. a6 1-0

[Event "*** Titled Tuesday Blitz"]
[Site "Chess.com"]
[Date "2021.03.30"]
[Round "5"]
[White "Cptn2"]
[Black "northridgehawk"]
[Result "1-0"]
[WhiteElo "2504"]
[BlackElo "2312"]
[TimeControl "180+1"]
[EndTime "10:56:07 PDT"]
[Termination "Cptn2 won by resignation"]

1. e4 e5 2. Nf3 Nc6 3. Bb5 a6 4.
Ba4 Nf6 5. O-O b5 6. Bb3 Bc5 7. c3 d6 8. d4 Bb6 9. Bd5 Bd7 10. Bg5 h6 11. Bh4 g5 12. Nxg5 hxg5 13. Bxg5 Rg8 14.
Bh4 exd4 15. cxd4 Rb8 16. e5 dxe5 17. dxe5 Nxe5 18. Re1 Qe7 19. Nc3 Kf8 20. Ne4 Nxd5 21. Bxe7+ Nxe7 22. Nf6 Bg4 23. Qc2 Nf3+ 24. gxf3 Bf5+ 25.
Nxg8 Bxc2 26. Nxe7 Bc5 27. Rac1 Bxe7 28. Rxc2 Bd6 29.
Re4 Kg7 30. Rg4+ Kf6 31. h4 Rh8 32. Kg2 Rh5 33. a3 a5 34. Kh3 b4 35. a4 Rf5 36.
Kg2 Rh5 37. b3 Rd5 38. Rcc4 Rd3 39. h5 Rd5 40. h6 Rh5 41. Rh4 Kg6 42. Rxh5 Kxh5 43.
f4 Kxh6 44. Kf3 Kg6 45. Ke4 Kf6 46. Kd5 Kf5 47. Kc6 Bxf4 48. Kb5 Bd2 49. Kxa5 Ke5 50. Kb5 Be1 51. f4+ Kf5 52. a5 Bf2 53. Rxc7 f6 54. Rc4 Ba7 55. Kxb4 Kg4 56. Kb5 f5 57. Kc6 Be3 58. b4 Kf3 59. a6 Ke2 60. b5 Kd3 61.
Ra4 1-0

[Event "*** Titled Tuesday Blitz"]
[Site "Chess.com"]
[Date "2021.03.30"]
[Round "5"]
[White "Skat2704"]
[Black "Grineva_Marianna"]
[Result "1-0"]
[WhiteElo "2620"]
[BlackElo "2274"]
[TimeControl "180+1"]
[EndTime "10:56:07 PDT"]
[Termination "Skat2704 won by resignation"]

1. d4 d6 2. c4 Nf6 3. Nf3 g6 4. Nc3 Nbd7 5. e4 Bg7 6. Be2 e5 7. O-O O-O 8. Qc2 c6 9. Rd1 Qc7 10. b3 Re8 11. Bb2 Nh5 12. Bf1 exd4 13. Nxd4 Nc5 14.
f3 Nf4 15. Nce2 Be5 16. b4 Nce6 17. Nxe6 Nxe2+ 18. Bxe2 Rxe6 19. Bxe5 dxe5 20. c5 Re7 21. Bc4 Be6 22. Rd6 Rae8 23. Rad1 Bxc4 24. Qxc4 a5 25. b5 cxb5 26. Qxb5 Kg7 27. Rd7 Rxd7 28. Rxd7 Qc6 29. Rxb7 Rc8 30. Qxc6 Rxc6 31. Rb5 a4 32. Kf2 Kf8 33.
Ke3 Ke7 34. Kd3 Kd7 35. Kc4 Kc7 36. Ra5 Kb7 37. Rxa4 Rc8 38. Kb5 Rd8 39. c6+ Kb8 40. Kb6 Rd6 41. Rc4 f6 42. a4 Rd2 43. c7+ Kc8 44.
a5 Rxg2 45. a6 Rb2+ 46. Kc6 Ra2 47. Kb5 Rb2+ 48. Rb4 Rxb4+ 49. Kxb4 Kxc7 50. Kc5 g5 51. Kd5 h5 52. Ke6 g4 53. fxg4 hxg4 54. Kxf6 Kb6 55.
Kxe5 Kxa6 56. Kf6 Kb6 57. e5 Kc5 58. e6 Kd4 59. e7 Ke3 60. e8=Q+ Kf3 61. Qh5 Kf4 62.
Qf5+ 1-0

[Event "*** Titled Tuesday Blitz"]
[Site "Chess.com"]
[Date "2021.03.30"]
[Round "5"]
[White "bilelou"]
[Black "GM_Crest"]
[Result "1/2-1/2"]
[WhiteElo "2571"]
[BlackElo "2734"]
[TimeControl "180+1"]
[EndTime "10:56:08 PDT"]
[Termination "Game drawn by repetition"]

1. d4 d5 2. Nf3 e6 3. c4 c5 4.
cxd5 exd5 5. Nc3 Nc6 6. g3 Nf6 7. Bg2 Be7 8. O-O O-O 9. b3 Ne4 10.
Bb2 Bf6 11. Na4 Re8 12. Rc1 cxd4 13. Nxd4 Bd7 14. Nc5 Nxc5 15. Rxc5 Qb6 16. Rb5 Qa6 17. Rxd5 Bxd4 18. Rxd4 Be6 19. Ra4 Qb5 20. e3 Rad8 21.
Qa1 f6 22. Rc1 a6 23. Bf1 Qf5 24. Rf4 Qh5 25. h3 Rd2 26. Bc3 Rd6 27. Qb2 Red8 28.
g4 Qg5 29. Be2 h5 30. Kg2 hxg4 31. hxg4 Bd5+ 32. Kg3 Be6 33. Rh1 Qg6 34. Bxf6 gxf6 35. Rxf6 Qg7 36. Rg6 Qxg6 37. Qh8+ Kf7 38. Rh7+ Qxh7 39.
Qxh7+ Kf8 40. Qxb7 Ne7 41. Qb4 Nd5 42. Qd4 Ne7 43. Qh8+ Bg8 44. Bc4 Rg6 45. Bxg8 Nxg8 46. f4 Re8 47. Kf2 Rge6 48. g5 Rxe3 49. g6 Re2+ 50.
Kf3 Re1 51. Qh7 R8e7 52. Qh5 Kg7 53. Qh7+ Kf8 54. Qh5 Kg7 55. Qh7+ Kf8 1/2-1/2

[Event "*** Titled Tuesday Blitz"]
[Site "Chess.com"]
[Date "2021.03.30"]
[Round "5"]
[White "Baron_von_Koenig"]
[Black "Ali-Farahat"]
[Result "1-0"]
[WhiteElo "2561"]
[BlackElo "2409"]
[TimeControl "180+1"]
[EndTime "10:56:08 PDT"]
[Termination "Baron_von_Koenig won on time"]

1. b3 d5 2. e3 Nf6 3. Bb2 Bf5 4.
f4 e6 5. Nf3 Be7 6. Be2 h6 7.
O-O O-O 8. Ne5 Bh7 9. Kh1 c5 10. d3 Nbd7 11. Nd2 Rc8 12. a4 Nxe5 13. fxe5 Nd7 14.
Qe1 f5 15. exf6 Bxf6 16. Bxf6 Rxf6 17. Qg3 Qe7 18. Bg4 Rcf8 19. Kg1 Bg6 20. Rxf6 Rxf6 21. Qc7 Kh7 22. Nf3 Rf7 23. Rf1 Nf6 24. Qxe7 Rxe7 25. Bh3 e5 26. Nh4 e4 27. Nxg6 Kxg6 28. Kf2 exd3 29.
cxd3 h5 30. Ke2 b6 31. Kd2 Ng4 32. Bxg4 hxg4 33. Rf4 Kg5 34. Ke2 g6 35. Kf2 d4 36.
Re4 dxe3+ 37. Kxe3 Rh7 38. Kf2 Rxh2 39. Kg3 Rh1 40.
Rxg4+ Kf5 41. Rf4+ Ke6 42. Re4+ Kd6 43. Rg4 Rd1 44.
Rxg6+ Kc7 45. Kf4 Rxd3 46. Rg3 Rxg3 47. Kxg3 Kd6 48. Kf4 a6 49. Ke4 b5 50. g4 c4 51.
bxc4 bxa4 52. Kd4 a3 53. Kc3 1-0

[Event "*** Titled Tuesday Blitz"]
[Site "Chess.com"]
[Date "2021.03.30"]
[Round "5"]
[White "OriTaichman"]
[Black "zacachess"]
[Result "1-0"]
[WhiteElo "2545"]
[BlackElo "2392"]
[TimeControl "180+1"]
[EndTime "10:56:08 PDT"]
[Termination "OriTaichman won on time"]

1. e4 c5 2. Nf3 d6 3. d4 cxd4 4. Nxd4 Nf6 5. Nc3 a6 6. Bg5 Nbd7 7. Qe2 h6 8. Bh4 g6 9. f4 e5 10. O-O-O Qc7 11. Nd5 Nxd5 12. exd5 Bg7 13. Nf3 O-O 14.
fxe5 Nxe5 15. Nxe5 Bxe5 16. Bg3 Bg7 17. Qc4 Qb6 18.
Qb3 Qc7 19. Bd3 Bg4 20. Rde1 Rfe8 21. h3 Bd7 22. c3 b5 23. Qb4 Bf8 24. Qf4 a5 25. Rhf1 Rxe1+ 26. Rxe1 b4 27. c4 a4 28. Kb1 a3 29. b3 Rd8 30. Rf1 Bc8 31. h4 Bg7 32. h5 g5 33. Qe4 Qc5 34. Qh7+ Kf8 35.
Bg6 Rd7 36. Bxf7 Rxf7 37. Rxf7+ Kxf7 38. Qg6+ Kf8 39. Bxd6+ Qxd6 40. Qxd6+ Ke8 41. Qc6+ Bd7 42. Qg6+ Kf8 43. c5 Be8 44. Qd6+ Kg8 45. c6 Bxh5 46. c7 Bg4 47. Qe6+ 1-0

[Event "*** Titled Tuesday Blitz"]
[Site "Chess.com"]
[Date "2021.03.30"]
[Round "5"]
[White "Susik_Gaboyan"]
[Black "BozeKat"]
[Result "1-0"]
[WhiteElo "2234"]
[BlackElo "2011"]
[TimeControl "180+1"]
[EndTime "10:56:08 PDT"]
[Termination "Susik_Gaboyan won by checkmate"]

1. e4 c6 2. d4 d5 3. exd5 cxd5 4. Bd3 Nf6 5. c3 Bg4 6. Qb3 Qd7 7. Nd2 e6 8. Ngf3 Bd6 9. Ne5 Qc7 10. Nxg4 Nxg4 11.
Nf3 O-O 12. h3 Nf6 13. O-O Nc6 14. Bg5 Ne4 15. Be3 f5 16. c4 f4 17. cxd5 fxe3 18. Bxe4 exf2+ 19. Rxf2 exd5 20. Qxd5+ Kh8 21. Qh5 g6 22.
Bxg6 Nxd4 23. Nxd4 Bc5 24. Rd1 Rxf2 25. Kxf2 Qg7 26.
Bxh7 Bxd4+ 27. Kf1 Qxh7 28. Qxh7+ Kxh7 29. Rxd4 Rf8+ 30. Ke2 Rf7 31. Ke3 Re7+ 32. Re4 Rg7 33. g4 Kg6 34. h4 Rc7 35. Re6+ Kf7 36. Rh6 Kg7 37. Rd6 Re7+ 38. Kf4 Rc7 39. g5 Rf7+ 40. Kg4 Re7 41.
h5 Re4+ 42. Kf5 Re7 43. h6+ Kf7 44. h7 Kg7 45. Rh6 Rf7+ 46. Kg4 Rd7 47. h8=Q+ Kf7 48. Rf6+ Ke7 49. Qf8# 1-0

[Event "*** Titled Tuesday Blitz"]
[Site "Chess.com"]
[Date "2021.03.30"]
[Round "5"]
[White "Pantata007"]
[Black "VladaSviridova"]
[Result "0-1"]
[WhiteElo "2375"]
[BlackElo "2250"]
[TimeControl "180+1"]
[EndTime "10:56:09 PDT"]
[Termination "VladaSviridova won on time"]

1. d4 d5 2. c4 c6 3. Nc3 Nf6 4. e3 e6 5. Nf3 Nbd7 6. Bd3 dxc4 7. Bxc4 b5 8. Bd3 Bd6 9. O-O O-O 10. Bd2 Bb7 11. Rc1 Rc8 12. a3 Qe7 13. Ng5 a5 14. Nce4 Nxe4 15. Nxe4 Bc7 16. b4 a4 17. f4 f5 18. Ng5 Nf6 19. Nf3 Rcd8 20. Qc2 Bd6 21.
Ne5 Bxe5 22. fxe5 Nd5 23. e4 Nb6 24. exf5 exf5 25. Bxf5 g6 26. Be4 Nc4 27. Bh6 Rxf1+ 28. Rxf1 c5 29. Bxg6 Ne3 30. Bxe3 hxg6 31. Qxg6+ Qg7 32.
Qxg7+ Kxg7 33. bxc5 Bd5 34. Rf6 Rg8 35. Rb6 Bc4 36.
e6 Kg6 37. Kf2 Re8 38. Bf4 Rxe6 39. Rxe6+ Bxe6 40. Be5 Kf5 41. g3 Ke4 42. h4 b4 43.
d5 Kxe5 44. dxe6 Kxe6 0-1

[Event "*** Titled Tuesday Blitz"]
[Site "Chess.com"]
[Date "2021.03.30"]
[Round "5"]
[White "BvsN"]
[Black "elohunter1999"]
[Result "0-1"]
[WhiteElo "2387"]
[BlackElo "2540"]
[TimeControl "180+1"]
[EndTime "10:56:10 PDT"]
[Termination "elohunter1999 won by resignation"]

1. c4 e5 2. Nc3 Nf6 3. Nf3 Nc6 4. e3 Bb4 5. Qc2 Bxc3 6. Qxc3 Qe7 7. d4 Ne4 8. Qd3 exd4 9. Nxd4 O-O 10. Be2 Qb4+ 11.
Kf1 Qe7 12. f3 Nc5 13. Qd1 Re8 14. Kf2 d6 15. Re1 Nxd4 16. Qxd4 Bd7 17. Kg1 a5 18. e4 f6 19. Bf1 Qe5 20. Qf2 f5 21. Be3 fxe4 22.
Bd4 Qf5 23. Rad1 exf3 24. Qxf3 Qxf3 25. gxf3 Rxe1 26. Rxe1 Re8 27. Rd1 Bc6 28. Kf2 b6 29. b3 Kf7 30. Be2 Ne6 31. Bc3 Nf4 32. Bd3 h6 33.
Bd4 g5 34. Be3 Nh3+ 35. Ke2 Kf6 36. Kd2 Nf4 37. Bd4+ Kf7 38. Bf1 Bxf3 39. Rc1 Be2 40. Bxe2 Rxe2+ 41. Kc3 Rxa2 42. Rf1 Kg6 43. Be3 Kf5 44.
Bxf4 gxf4 45. Kd4 Rd2+ 46. Kc3 Rxh2 47. Kd4 Rd2+ 48. Kc3 Re2 49. Kd4 Re4+ 50. Kd5 Re3 51. Kc6 Rxb3 52. Kxc7 Rc3 53. Kxd6 Rxc4 54. Kd5 Rc2 55. Rb1 f3 56. Rxb6 Kf4 57. Rxh6 Rd2+ 58. Kc4 f2 59. Kc3 Rd5 60. Rh1 Kg3 61. Kc4 Rf5 62. Kd3 f1=Q+ 63. Rxf1 Rxf1 0-1

[Event "*** Titled Tuesday Blitz"]
[Site "Chess.com"]
[Date "2021.03.30"]
[Round "5"]
[White "J36225"]
[Black "Olga_Zhuravleva"]
[Result "0-1"]
[WhiteElo "2484"]
[BlackElo "2326"]
[TimeControl "180+1"]
[EndTime "10:56:10 PDT"]
[Termination "Olga_Zhuravleva won by resignation"]

1. e4 e5 2. Nf3 Nc6 3. Bb5 f5 4. Nc3 Nf6 5. d3 Bc5 6. O-O O-O 7. Bg5 d6 8. Bc4+ Kh8 9. Nd5 f4 10. Nxf6 gxf6 11. Bh6 Bg4 12. Bxf8 Qxf8 13. c3 Bb6 14. h3 Bh5 15. Be6 Qg7 16. Bg4 Bxg4 17. hxg4 Qxg4 18. Nh2 Qg5 19. Qg4 Qh6 20. Qe6 Rf8 21. Kh1 Nd8 22. Qf5 Nf7 23. Qh3 Qg7 24. Ng4 Rg8 25. f3 Qg5 26. Rad1 Rg6 27. d4 Kg8 28. g3 h5 29.
gxf4 hxg4 30. fxg5 gxh3 31. gxf6 Rxf6 32. Kh2 Rh6 33. f4 Kf8 34. fxe5 dxe5 35. Rf5 Ke7 36. Rdf1 Rh7 37. dxe5 c6 38. Rf6 Bc7 39. Kh1 Bxe5 40. R6f5 h2 41. R5f3 Rg7 42. Rf5 Ke6 43. c4 Nd6 44.
R5f2 Nxc4 45. Rg2 Rxg2 46. Kxg2 Ne3+ 0-1

[Event "*** Titled Tuesday Blitz"]
[Site "Chess.com"]
[Date "2021.03.30"]
[Round "5"]
[White "Terao90"]
[Black "gvanna"]
[Result "1-0"]
[WhiteElo "2552"]
[BlackElo "2399"]
[TimeControl "180+1"]
[EndTime "10:56:11 PDT"]
[Termination "Terao90 won on time"]

1. e4 c5 2. Nf3 Nc6 3. d4 cxd4 4. Nxd4 g6 5. Nc3 Bg7 6. Be3 Nf6 7. Bc4 Qa5 8. O-O O-O 9. h3 Qb4 10. Bb3 d6 11. a3 Qa5 12. Re1 Bd7 13. Nd5 Rfe8 14. Bd2 Qd8 15. Bc3 e5 16. Nb5 Nxd5 17. Qxd5 Be6 18. Qxd6 Bxb3 19. cxb3 Qb6 20. Nc7 Rad8 21. Nxe8 Rxd6 22. Nxd6 Qxb3 23. Rad1 h5 24. Ne8 Bh6 25. Nf6+ Kg7 26. Nd5 h4 27. Rd3 Qc4 28. Rdd1 Bg5 29.
f4 Bd8 30. fxe5 Kh6 31. Rd2 Bg5 32. Rf2 Qc5 33. Rf1 Nd8 34. Kh1 Qc4 35. Rf3 Qxe4 36. Nf6 Qc4 37. Ng4+ Kh7 38. Rd1 Qe2 39. Rfd3 Ne6 40.
Rd7 Kg8 41. Re1 Qc2 42. Nf6+ Bxf6 43. exf6 Nf4 44. Rd2 Qb3 45. Re8+ Kh7 46. Re7 1-0

[Event "*** Titled Tuesday Blitz"]
[Site "Chess.com"]
[Date "2021.03.30"]
[Round "5"]
[White "MasterMK73"]
[Black "karinachess1"]
[Result "0-1"]
[WhiteElo "2272"]
[BlackElo "2493"]
[TimeControl "180+1"]
[EndTime "10:56:13 PDT"]
[Termination "karinachess1 won on time"]

1. e4 e5 2. Nc3 Nc6 3. g3 Nf6 4.
Bg2 Bc5 5. Nge2 O-O 6. O-O a6 7. d3 h6 8. h3 d6 9. Kh2 Nd4 10. f4 Nxe2 11. Qxe2 exf4 12. gxf4 Re8 13. Qf3 c6 14.
Rd1 Bd4 15. Ne2 Ba7 16. Ng3 Bd7 17. d4 Qe7 18. c3 d5 19. e5 Ne4 20. Nxe4 dxe4 21. Qxe4 f5 22. Qe1 Be6 23. Be3 Rad8 24. Qe2 Qf7 25. b3 Rd7 26. c4 b5 27. d5 cxd5 28.
cxd5 Bxd5 29. Bxd5 Rxd5 30. Rxd5 Bxe3 31. Qxe3 Qxd5 32.
Rg1 Re7 33. Rg2 b4 34. Rd2 Qc6 35. Qd3 Rf7 36. Qd5 Qc3 37. Qd3 Qc5 38. e6 Re7 39. Qd8+ Kh7 40. Qd5 Qxd5 41. Rxd5 Rxe6 42. Rxf5 Re2+ 43.
Kg3 Rxa2 44. Rd5 Ra3 0-1

[Event "*** Titled Tuesday Blitz"]
[Site "Chess.com"]
[Date "2021.03.30"]
[Round "5"]
[White "OK97"]
[Black "FoggyMorning"]
[Result "1-0"]
[WhiteElo "2798"]
[BlackElo "2596"]
[TimeControl "180+1"]
[EndTime "10:56:14 PDT"]
[Termination "OK97 won on time"]

1. e4 e6 2. d4 d5 3. Nc3 Bb4 4.
e5 c5 5. a3 Bxc3+ 6. bxc3 Qa5 7. Bd2 Qa4 8. Qg4 Kf8 9. Qd1 b6 10. dxc5 bxc5 11. c4 Ba6 12. cxd5 Bxf1 13. Kxf1 exd5 14.
Qf3 Ne7 15. e6 Qa6+ 16. Ne2 Qxe6 17. Re1 Nbc6 18. h4 Qe4 19. Qc3 Qc4 20. Qxc4 dxc4 21. Be3 f6 22. Bxc5 Kf7 23. Nf4 Ne5 24. Rh3 Nf5 25. h5 Rhc8 26. Bb4 a5 27. Bc3 Re8 28.
Nd5 Rad8 29. Ne3 Nd4 30. Bxd4 Rxd4 31. Rb1 Rd2 32. Rg3 Re7 33. Nf5 Red7 34. Rxg7+ Ke6 35. Rxd7 Rxd7 36. Ne3 Rd6 37. Ke2 f5 38. f4 Nc6 39. c3 Rd3 40. Rc1 Rd8 41. Nxc4 Rb8 42. Rd1 Ke7 43. Rd6 Nd8 44. Rh6 Ne6 45. Rxh7+ Kf6 46.
Rh6+ Ke7 47. g3 Rb1 48. Rh7+ 1-0

[Event "*** Titled Tuesday Blitz"]
[Site "Chess.com"]
[Date "2021.03.30"]
[Round "5"]
[White "SantoBlue"]
[Black "Zhigalko_Sergei"]
[Result "0-1"]
[WhiteElo "2815"]
[BlackElo "2901"]
[TimeControl "180+1"]
[EndTime "10:56:15 PDT"]
[Termination "Zhigalko_Sergei won by resignation"]

1. e4 c5 2. Nf3 Nc6 3. c3 Nf6 4. e5 Nd5 5. Bc4 Nb6 6. Bb3 g6 7. O-O Bg7 8. a4 c4 9. Bc2 d5 10. exd6 Qxd6 11. a5 Nd5 12. a6 b5 13. Na3 Rb8 14.
d3 cxd3 15. Bxd3 Bxa6 16. Qe2 Qc5 17. Nc2 Bc8 18. Ncd4 Nxd4 19. cxd4 Qb6 20. Be4 Bb7 21. Ne5 Rd8 22. Bd2 b4 23. Be3 Bxe5 24. Bxd5 Bxh2+ 25. Kxh2 Rxd5 26. Kg1 O-O 27. Bh6 Re8 28. Rfe1 Qxd4 29. Rad1 Qc5 30. Rc1 Qd6 31. f3 Rh5 32. Be3 a5 33. Red1 Qa6 34. Qxa6 Bxa6 35. Rc7 Re5 36. Bh6 f6 37. Ra7 Bc4 38. Bf4 Re2 39.
Rd4 Bf7 40. Rxa5 e5 41. Rxb4 exf4 42. Rxf4 f5 43. b4 Rb2 44. Rd4 Ree2 45. Ra8+ Kg7 46.
Ra7 Rxg2+ 47. Kf1 Rh2 48. Kg1 Rhc2 49. Rd1 Rxb4 0-1

[Event "*** Titled Tuesday Blitz"]
[Site "Chess.com"]
[Date "2021.03.30"]
[Round "5"]
[White "Irina_Baraeva"]
[Black "AradNazari"]
[Result "0-1"]
[WhiteElo "2301"]
[BlackElo "2498"]
[TimeControl "180+1"]
[EndTime "10:56:16 PDT"]
[Termination "AradNazari won by checkmate"]

1. d4 f5 2. Nf3 Nf6 3. g3 g6 4. Bg2 Bg7 5. O-O O-O 6. b3 d6 7.
Bb2 c6 8. c4 Ne4 9. Nfd2 Nxd2 10. Nxd2 e5 11. dxe5 dxe5 12. e4 f4 13. Nf3 Qe7 14.
Qc2 Bg4 15. a4 Nd7 16. b4 Rf7 17. c5 Raf8 18. Qb3 Kh8 19. Nd2 f3 20. Bh1 h5 21.
Rfd1 h4 22. Nc4 Be6 23. Qc3 hxg3 24. hxg3 Qg5 25. Nd6 Rf4 26. Rd3 Qh5 27. gxf4 Qg4+ 28. Kf1 Qh3+ 29. Ke1 Qxh1+ 30. Kd2 Qh2 31. Rf1 Qxf4+ 32.
Kc2 b6 33. Rh1+ Kg8 34. Re1 bxc5 35. bxc5 Rb8 36. Rxf3 Qh4 37. Rg3 Rb3 38. Qa5 Rxg3 39. fxg3 Qxg3 40. Qd8+ Bf8 41. Rd1 Bb3+ 42. Kc1 Qe3+ 43.
Kb1 Bxd1 44. Qe8 Qd3+ 45. Ka1 Bb3 46. Qxg6+ Bg7 47. Qe8+ Nf8 48. Bc1 Qc2 49. Bb2 Qd1+ 50.
Bc1 Qxc1# 0-1